Map: Torres Crepusculares

Players

DarkGamer - Winner!

  • Race: Protoss Protoss
  • League: Diamond

Womec

  • Race: Terran Terran
  • League: Master

VOD

Have the link to the VOD?

Description

Time

  • Played on: March 12, 2016, 10:03 p.m.
  • Length: 21:26
Show
View Real Time Build Order
Export as new Build Order

DarkGamer Protoss - Winner!

Build Orders: 1 Gate Expand 

Get SALT Encoding   

  12  0:01  Probe (Chrono Boost)  
  13  0:11  Probe (Chrono Boost)  
  14  0:17  Pylon  
  14  0:22  Probe (Chrono Boost)  
  16  0:35  Probe (Chrono Boost)  
  16  0:37  Gateway  
  16  0:42  Assimilator  
  16  0:48  Probe (Chrono Boost)  
  17  0:58  Probe (Chrono Boost)  
  18  1:09  Probe (Chrono Boost)  
  19  1:21  Nexus  
  19  1:28  Probe (Chrono Boost)  
  20  1:33  Cybernetics Core  
  20  1:39  Probe (Chrono Boost)  
  21  1:44  Assimilator  
  21  1:51  Pylon  
  21  1:55  Probe (Chrono Boost)  
  23  2:11  Mothership Core (Chrono Boost)  
  24  2:17  Stalker  
  26  2:29  Warp Gate, Probe (Chrono Boost)  
  27  2:34  Probe (Chrono Boost)  
  28  2:40  Probe (Chrono Boost)  
  28  2:42  Pylon  
  29  2:45  Probe (Chrono Boost)  
  29  2:47  Stalker  
  29  2:50  Probe (Chrono Boost)  
  33  2:55  Probe (Chrono Boost)  
  34  3:01  Robotics Facility  
  34  3:03  Probe (Chrono Boost)  
  35  3:06  Probe (Chrono Boost)  
  36  3:14  Probe (Chrono Boost)  
  36  3:17  Stalker, Probe (Chrono Boost)  
  40  3:25  Probe (Chrono Boost)  
  40  3:26  Pylon  
  41  3:28  Probe (Chrono Boost)  
  42  3:35  Gateway, Probe (Chrono Boost)  
  42  3:38  Probe (Chrono Boost)  
  44  3:47  Stalker  
  46  3:49  Twilight Council  
  46  3:50  Observer  
  46  3:55  Probe (Chrono Boost)  
  48  4:00  Assimilator  
  48  4:01  Assimilator  
  48  4:04  Probe (Chrono Boost)  
  49  4:11  Probe (Chrono Boost)  
  49  4:12  Observer  
  51  4:18  Pylon  
  51  4:21  Probe (Chrono Boost)  
  52  4:28  Probe (Chrono Boost)  
  53  4:32  Dark Shrine  
  53  4:35  Probe (Chrono Boost)  
  54  4:39  Warp Prism  
  54  4:42  Nexus  
  56  4:45  Stalker  
  56  4:51  Stalker  
  60  4:54  Probe (Chrono Boost)  
  60  4:57  Blink  
  61  5:07  Probe (Chrono Boost)  
  62  5:08  Pylon  
  62  5:13  Probe (Chrono Boost)  
  63  5:26  Robotics Bay  
  63  5:30  Pylon  
  63  5:33  Gateway  
  63  5:35  Probe (Chrono Boost)  
  64  5:48  Gateway, Dark Templar x2  
  68  5:51  Immortal  
  72  5:58  Pylon  
  72  6:08  Probe (Chrono Boost)  
  73  6:11  Pylon  
  72  6:22  Stalker x2  
  74  6:30  Stalker  
  74  6:31  Probe x3 (Chrono Boost)  
  74  6:52  Probe x3 (Chrono Boost)  
  75  6:54  Stalker x2  
  82  7:02  Probe (Chrono Boost)  
  82  7:03  Probe x2 (Chrono Boost)  
  83  7:09  Forge  
  83  7:11  Forge  
  83  7:13  Probe x3 (Chrono Boost), Colossus  
  83  7:14  Gateway, Pylon  
  89  7:16  Gateway  
  89  7:20  Pylon  
  89  7:23  Probe (Chrono Boost)  
  89  7:24  Probe (Chrono Boost)  
  89  7:25  Extended Thermal Lance  
  89  7:26  Resonating Glaives  
  89  7:28  Adept x3  
  97  7:32  Probe (Chrono Boost)  
  97  7:33  Templar Archives  
  97  7:34  Assimilator, Probe x2 (Chrono Boost)  
  100  7:38  Assimilator  
  100  7:44  Protoss Ground Weapons Level 1  
  100  7:57  Pylon, Dark Templar  
  102  7:59  Adept x2  
  102  8:02  Pylon  
  101  8:23  Stalker x4  
  105  8:28  Probe (Chrono Boost)  
  105  8:29  Probe (Chrono Boost)  
  107  8:47  Observer  
  107  8:48  Protoss Ground Armor Level 1  
  97  8:52  Stalker x3  
  89  9:00  Probe (Chrono Boost)  
  90  9:05  Probe x2 (Chrono Boost)  
  90  9:08  Observer  
  93  9:16  Probe x3 (Chrono Boost)  
  91  9:26  High Templar  
  91  9:31  Observer  
  91  9:45  Probe x3 (Chrono Boost)  
  88  9:49  Assimilator  
  88  9:55  Probe x3 (Chrono Boost)  
  91  10:02  Psionic Storm  
  91  10:04  Photon Cannon  
  91  10:06  Probe x3 (Chrono Boost)  
  94  10:07  Photon Cannon  
  94  10:16  Photon Cannon, Probe x3 (Chrono Boost)  
  94  10:21  Colossus  
  97  10:24  Adept x2  
  97  10:25  Adept x2  
  97  10:27  Probe x3 (Chrono Boost), Zealot  
  116  10:34  Protoss Ground Weapons Level 2 (Chrono Boost)  
  116  10:37  Probe x2 (Chrono Boost)  
  116  10:38  Probe (Chrono Boost)  
  119  10:47  Adept x4  
  127  10:57  High Templar  
  127  10:59  High Templar  
  127  11:01  Nexus  
  127  11:03  Gateway  
  131  11:13  Probe  
  131  11:16  Assimilator  
  132  11:20  Assimilator  
  132  11:21  Photon Cannon  
  132  11:23  Pylon  
  132  11:24  Colossus  
  138  11:31  Probe  
  138  11:32  Protoss Ground Armor Level 2 (Chrono Boost)  
  138  11:33  Probe  
  140  11:44  Pylon  
  140  11:46  Stalker x2  
  140  11:47  Stalker  
  146  11:48  Pylon  
  146  11:49  High Templar, Pylon  
  148  11:59  Stalker x2  
  152  12:11  Stalker, Gateway  
  154  12:19  Observer  
  154  12:24  Stalker  
  154  12:25  Stalker  
  158  12:31  High Templar  
  160  12:42  Stalker  
  160  12:43  Stalker x2  
  166  12:44  High Templar, Protoss Ground Weapons Level 3 (Chrono Boost)  
  166  12:50  Nexus  
  166  12:56  Stalker x2  
  165  13:05  Pylon  
  165  13:07  Stalker x3, Assimilator  
  165  13:08  Stalker  
  165  13:12  Assimilator  
  173  13:20  Stalker x3  
  178  13:34  Stalker x4  
  178  13:36  Probe  
  178  13:38  Probe  
  183  14:04  Stargate  
  183  14:07  Protoss Ground Armor Level 3 (Chrono Boost)  
  183  14:08  Adept x2  
  183  14:09  Adept x3  
  169  14:42  High Templar x2  
  169  14:43  Nexus  
  170  14:46  Stalker  
  170  14:52  Probe  
  173  14:59  Pylon  
  173  15:00  Probe  
  173  15:01  Pylon  
  173  15:04  Phoenix  
  144  15:24  Observer, Adept x3  
  149  15:50  Probe  
  149  15:51  Probe  
  149  15:54  Photon Cannon  
  151  16:00  Fleet Beacon  
  151  16:04  Probe  
  151  16:05  Probe  
  131  16:21  Probe  
  130  16:28  Probe  
  130  16:29  Probe x2  
  129  16:36  Probe  
  129  16:38  Probe  
  130  16:40  Probe  
  130  16:44  Dark Templar  
  134  16:49  High Templar x3  
  134  16:53  Probe  
  141  16:56  Photon Cannon, Dark Templar  
  141  16:59  Tempest (Chrono Boost)  
  147  17:05  Stargate  
  147  17:11  Archon  
  147  17:14  Archon  
  147  17:18  Adept x3  
  153  17:23  Nexus  
  153  17:26  Assimilator  
  153  17:31  Observer  
  153  17:32  Pylon  
  153  17:36  Robotics Facility  
  154  17:44  Stalker x2  
  156  17:45  Tempest (Chrono Boost)  
  162  17:59  Protoss Shields Level 1  
  166  18:05  Tempest (Chrono Boost)  
  166  18:12  Probe  
  167  18:16  Photon Cannon  
  167  18:18  High Templar  
  169  18:25  Tempest (Chrono Boost)  
  173  18:35  Protoss Air Weapons Level 1  
  173  18:39  Observer  
  174  18:43  Probe, Pylon  
  175  19:02  Nexus, Dark Templar  
  175  19:05  Zealot  
  177  19:19  Photon Cannon  
  177  19:21  Photon Cannon  
  177  19:22  Photon Cannon  
  175  19:28  Adept x2  
  172  19:39  High Templar  
  172  19:45  Adept x4  
  178  19:50  Tempest (Chrono Boost)  
  186  19:55  Pylon  
  186  20:01  Nexus  
  186  20:06  High Templar x2  
  188  20:15  Probe  
  188  20:17  Photon Cannon, Probe  
  190  20:27  Adept x4  
  198  20:42  Pylon  
Show
View Real Time Build Order
Export as new Build Order

Womec Terran 

Build Orders: Liberator Opening 

Get SALT Encoding   

  12  0:01  SCV  
  13  0:13  SCV  
  14  0:17  Supply Depot  
  14  0:25  SCV  
  15  0:39  SCV  
  15  0:42  Barracks  
  16  0:51  SCV  
  17  1:03  SCV  
  18  1:23  Command Center  
  18  1:29  Orbital Command  
  18  1:33  Marine  
  19  1:44  Supply Depot  
  19  1:47  Refinery  
  19  1:51  Refinery  
  19  1:58  Marine  
  19  2:00  SCV  
  21  2:12  SCV  
  22  2:19  Bunker  
  22  2:25  Marine, SCV  
  25  2:38  Orbital Command  
  25  2:44  Factory, SCV  
  25  2:51  Barracks Reactor  
  25  2:56  SCV  
  26  3:04  SCV  
  27  3:08  SCV  
  28  3:16  SCV  
  29  3:20  SCV  
  29  3:23  Supply Depot  
  30  3:27  Marine  
  30  3:28  SCV, Marine  
  30  3:30  Starport, Factory Reactor  
  30  3:32  SCV  
  34  3:40  SCV  
  35  3:44  SCV  
  35  3:46  Marine x2  
  38  3:48  Supply Depot  
  38  3:52  SCV  
  39  3:56  SCV  
  39  3:58  Liberator x2  
  40  4:04  SCV  
  40  4:08  SCV  
  42  4:12  Marine x2  
  42  4:16  Widow Mine, SCV  
  53  4:21  SCV  
  54  4:28  Supply Depot, SCV  
  54  4:29  Marine  
  54  4:30  Marine  
  57  4:34  SCV  
  57  4:37  Engineering Bay  
  58  4:40  SCV  
  59  4:47  Factory Reactor  
  59  4:48  Command Center  
  59  4:49  Marine x2  
  59  4:52  SCV  
  62  4:54  Supply Depot  
  62  4:55  SCV  
  63  5:01  Medivac x2  
  63  5:06  SCV  
  68  5:09  Marine x2  
  70  5:15  Missile Turret  
  70  5:20  Missile Turret  
  70  5:21  Refinery, SCV x2  
  72  5:22  Refinery  
  72  5:23  Widow Mine  
  72  5:24  Widow Mine  
  76  5:33  SCV  
  77  5:39  Marine  
  78  5:43  Liberator  
  78  5:55  Supply Depot  
  78  5:56  Supply Depot  
  78  5:59  Widow Mine x2, Missile Turret  
  78  6:00  Medivac, SCV x2, Marine  
  90  6:05  Orbital Command, Missile Turret, Supply Depot  
  90  6:06  Supply Depot  
  90  6:12  SCV  
  88  6:19  Supply Depot  
  88  6:21  Marine x2  
  69  6:49  Widow Mine x2, Marine x2  
  60  6:56  Medivac x2  
  60  6:58  SCV  
  61  7:06  SCV x2  
  61  7:10  SCV  
  61  7:12  Marine x2  
  61  7:13  Barracks  
  61  7:14  Barracks x2, Liberator  
  64  7:18  SCV  
  66  7:22  SCV  
  66  7:23  SCV  
  66  7:26  Widow Mine x2  
  66  7:27  Terran Infantry Weapons Level 1  
  71  7:32  Medivac, Marine x2  
  78  7:39  SCV x2  
  78  7:40  SCV  
  78  7:42  Supply Depot x2  
  81  7:50  Marine x2  
  83  7:51  SCV x2  
  83  7:53  Armory  
  83  7:55  Widow Mine x2  
  83  7:56  Barracks  
  85  8:20  Medivac x2, Marine x2  
  85  8:21  Barracks Tech Lab x2  
  85  8:22  Barracks Tech Lab  
  89  8:32  Widow Mine x2  
  86  8:51  Liberator x2  
  86  8:54  Combat Shields  
  85  8:57  Marauder x3, Marine x2  
  85  8:59  Orbital Command  
  85  9:00  Barracks Reactor  
  94  9:26  SCV x2  
  94  9:27  SCV  
  92  9:38  SCV, Liberator  
  92  9:39  Liberator, SCV  
  92  9:40  Bunker  
  92  9:44  Missile Turret, Bunker  
  90  9:45  Marine  
  90  9:46  Marauder x3  
  90  9:47  Widow Mine x2, Stimpack  
  90  9:50  SCV  
  90  9:51  SCV x2  
  100  9:56  Marine x2  
  108  10:01  Barracks  
  108  10:02  SCV  
  108  10:03  SCV  
  110  10:08  Terran Infantry Weapons Level 2  
  110  10:10  SCV  
  109  10:14  Engineering Bay, SCV  
  109  10:15  SCV  
  109  10:19  Supply Depot  
  109  10:20  Marine x5  
  109  10:21  Supply Depot, Marine  
  117  10:23  Missile Turret  
  117  10:26  Liberator  
  117  10:28  Missile Turret  
  117  10:31  SCV x3  
  117  10:33  Marine  
  121  10:38  Marine x2  
  121  10:42  Marauder  
  125  10:44  Missile Turret  
  128  10:54  Supply Depot  
  128  10:56  Refinery, Supply Depot  
  128  10:58  Command Center  
  128  10:59  Refinery  
  128  11:05  Marauder x3, Marine x2  
  128  11:06  Barracks Tech Lab  
  136  11:11  Terran Infantry Armor Level 1  
  136  11:13  Missile Turret  
  136  11:24  Missile Turret  
  136  11:25  Liberator x2  
  136  11:26  Missile Turret  
  136  11:40  Marine x6  
  136  11:41  Marine x2  
  150  11:57  Marine  
  150  11:58  Marine  
  150  11:59  Marauder x2  
  156  12:13  Marauder, Marine x2  
  156  12:14  Marauder  
  162  12:15  Marine  
  162  12:16  Marine, Liberator x2  
  162  12:17  Widow Mine  
  162  12:20  Marauder x2  
  170  12:31  Marine x2  
  178  12:42  Starport  
  178  12:43  Marauder x2, Marine x2  
  178  12:44  Marauder x2  
  188  12:49  Marine  
  188  12:50  Refinery  
  189  12:53  Refinery  
  188  13:11  Marauder x3, Marine  
  195  13:14  Planetary Fortress, Marauder  
  181  13:39  Marauder x4, Marine x2  
  179  14:05  Marine x2  
  179  14:06  Marauder x4, Marine x2  
  186  14:12  Terran Infantry Armor Level 2, Fusion Core  
  186  14:13  Terran Infantry Weapons Level 3  
  186  14:15  Starport Tech Lab  
  177  14:23  Marine  
  158  14:38  Marine  
  158  14:39  Marauder x4, Marine x2  
  158  14:40  Medivac x3  
  175  15:07  Marauder  
  175  15:08  Marauder x3  
  152  15:20  Liberator x2  
  122  15:26  Marine x3  
  114  15:29  Marauder  
  114  15:30  Marauder x2  
  111  15:57  Hellbat  
  111  16:02  Liberator  
  111  16:03  Liberator  
  91  16:21  Marine x3  
  91  16:22  Marauder x2  
  100  16:27  Marine x2  
  100  16:28  Marauder  
  102  16:34  Widow Mine x2  
  102  16:39  Marine x2  
  102  16:43  Marauder x2  
  106  16:53  Liberator x2  
  106  16:56  Marauder, Marine x2  
  106  16:57  Marauder, Marine  
  113  17:04  Marauder, Marine  
  113  17:05  Marauder  
  116  17:13  Marine  
  116  17:14  Marine x2  
  125  17:18  Marauder x2, Terran Infantry Armor Level 3  
  125  17:21  Orbital Command  
  116  17:53  Marine  
  116  17:54  Marauder x2, Marine x3  
  116  17:55  Liberator x2, Marauder, Marine  
  120  18:10  Refinery, Missile Turret  
  120  18:11  Refinery, Marine  
  120  18:13  Marauder  
  128  18:38  Marauder x2  
  132  18:45  Supply Depot  
  132  18:46  Supply Depot  
  132  18:53  Marauder  
  132  19:07  Medivac x2, Marauder x2  
  132  19:08  Marauder  
  129  19:39  Widow Mine  
  131  19:46  Liberator x2  
  121  20:04  Marine x4  
  121  20:05  Marauder x2  
  132  20:07  Widow Mine  
  125  20:16  Supply Depot  
  125  20:19  Supply Depot  
  125  20:20  Barracks, Starport  
  125  20:21  Barracks  
  123  20:40  Supply Depot  
  123  20:41  Supply Depot  
  123  20:45  Marauder x2  
  123  20:46  Viking x2  
Tags
 
Add a new tag
Caveats
  • Supply blocks, unpowered buildings, or Contaminate may cause inaccurate times.
  • Supply counts are checked every 10 seconds.